 Dungeon Crawl Stone Soup version 0.13-a0-2417-g818e1a6 (webtiles) character file.

688 Rycklaryybbe the Covert (level 7, -2/44 HPs)
             Began as a Halfling Assassin on July 16, 2013.
             Killed by divine providence
             ... invoked by an orc priest
              (17 damage)
             ... on Level 3 of the Dungeon.
             The game lasted 00:15:33 (4299 turns).

Rycklaryybbe the Covert (Halfling Assassin)         Turns: 4299, Time: 00:15:33

HP  -2/44        AC  4     Str 12      XL: 7   Next: 41%
MP   6/6         EV 17     Int 11      God:
Gold 184         SH  0     Dex 20      Spells:  0 memorised,  6 levels left

Res.Fire  : . . .   See Invis. : .   a - +2 dagger {=f}
Res.Cold  : . . .   Warding    : .   x - +0 robe
Life Prot.: . . .   Conserve   : .   (no shield)
Res.Poison: .       Res.Corr.  : .   (no helmet)
Res.Elec. : .       Clarity    : .   i - +0 elf cloak
Sust.Abil.: . .     Spirit.Shd : .   f - +0 pair of gloves
Res.Mut.  : .       Stasis     : .   (no boots)
Res.Rott. : .       Flight     : .   (no amulet)
Saprovore : . . .                    (no ring)
                                     y - +4 ring of strength

@: mildly poisoned, slightly resistant to hostile enchantments, extremely
stealthy
A: mutation resistance 1, slow metabolism 1
a: no special abilities


You were on level 3 of the Dungeon.
You were hungry.

You visited 1 branch of the dungeon, and saw 4 of its levels.

You collected 134 gold pieces.

Inventory:

Hand weapons
 a - a +2,+2 dagger (weapon) {=f}
 b - a +0 blowgun
 A - a +1,+1 sling
 K - a +2,+4 orcish short sword
Missiles
 m - a curare-tipped needle
 B - 15 stones
 C - 6 poisoned needles
 L - 4 poisoned darts (quivered)
Armour
 c - a +0 robe
 d - a +0 cloak
 f - a +0 pair of gloves (worn)
 i - a +0 elven cloak (worn)
 n - a +0 pair of elven gauntlets
 x - a +0 robe (worn)
 P - a +0 pair of gauntlets
Magical devices
 w - a wand of magic darts (10) {unknown}
Comestibles
 g - 6 bread rations
 l - 5 meat rations
 D - 5 strawberries
 F - a honeycomb
 J - a pear
 N - a rotting chunk of goblin flesh
Scrolls
 e - 2 scrolls of blinking {unknown}
 j - 3 scrolls of identify {unknown}
 k - 2 scrolls of teleportation {unknown}
 o - a scroll of recharging {unknown}
 p - 3 scrolls of remove curse {unknown}
 q - a scroll of amnesia {unknown}
 r - 4 scrolls of enchant weapon II {unknown}
 t - 7 scrolls of fear {unknown}
 M - a scroll of enchant weapon I {unknown}
 O - a scroll of random uselessness {unknown}
Jewellery
 y - a +4 ring of strength (left hand)
 G - a +3 ring of protection {unknown}
Potions
 h - a potion of agility {unknown}
 s - a potion of speed {unknown}
 u - a potion of restore abilities {unknown}
 v - a potion of mutation {unknown}
 z - a potion of invisibility {unknown}
 E - a potion of flight {unknown}
 H - a potion of curing {unknown}
Books
 I - a book of Dreams

   Spells                             Type                      Level
   Ensorcelled Hibernation            Hexes/Ice                    2
   Flight                             Charms/Air                   3
   Phase Shift                        Translocation                5
   Shadow Creatures                   Summoning                    5
   Mass Confusion                     Hexes                        6
   Darkness                           Hexes                        7


   Skills:
 - Level 1.7 Fighting
 - Level 2.6 Short Blades
 + Level 3.9 Throwing
 - Level 3.8 Dodging
 * Level 10.3 Stealth


You had 6 spell levels left.
You didn't know any spells.

Dungeon Overview and Level Annotations

Branches:
Dungeon (4/27)
 Temple: D:4-7

Altars:

Annotations
D:4 Somebody's ghost, experienced MiFi


Innate Abilities, Weirdness & Mutations

You are small and have problems with some larger weapons.
You are somewhat resistant to further mutation.
You have a slow metabolism.


Message History

The orc priest completely misses you.
You hit the orc priest but do no damage.
The orc priest is severely wounded.
The orc priest closely misses you.
You barely miss the orc priest.
The orc priest is severely wounded.
The orc priest hits you but does no damage.
You hit the orc priest but do no damage.
The orc priest is almost dead.
The orc priest barely misses you.
You closely miss the orc priest.
The orc priest is almost dead.
The orc priest hits you but does no damage.
You are poisoned.
You completely miss the orc priest.
The orc priest is almost dead.
You feel sick.
The orc priest invokes the aid of Beogh against you.
Something smites you!
You die...

..##......................#
..##.....##..##.##.####<###
..##..)..##..##.##.####.#
........................#
..##.....##.............#
..##.....##..##.##.##.###
..##.....##..##.##.##.#
.............##.##.##.#
................@.....#
.................o.##.#
..........#.....##?# .#
.#.#.##...............# .#
#. #......#####o##.# #
#.###..# #.# # #. #.# # #o#
#.#


You could see an orc priest.

Vanquished Creatures
  Sigmund (D:3)
  2 ogres (D:4)
  A crimson imp (D:3)
  4 orc wizards
  An iguana (D:4)
  An adder (D:4)
  An inept feature mimic (D:2)
  A worm (D:3)
  2 giant geckos
  An ooze (D:4)
  23 orcs
  5 hobgoblins
  2 jackals (D:2)
  7 kobolds
  4 quokkas
  A ball python (D:2)
  5 bats
  3 giant cockroaches
  2 giant newts
  9 goblins
  10 rats
86 creatures vanquished.

Notes
Turn   | Place    | Note
--------------------------------------------------------------
     0 | D:1      | Rycklaryybbe, the Halfling Assassin, began the quest for the Orb.
     0 | D:1      | Reached XP level 1. HP: 13/13 MP: 0/0
   212 | D:1      | Reached XP level 2. HP: 18/18 MP: 1/1
   349 | D:1      | Reached skill level 6 in Stealth
  1094 | D:2      | Reached XP level 3. HP: 23/23 MP: 2/2
  1316 | D:2      | HP: 1/23 [inept door mimic (4)]
  1795 | D:2      | Reached skill level 7 in Stealth
  1958 | D:3      | Noticed Sigmund
  1987 | D:3      | Reached XP level 4. HP: 28/28 MP: 3/3
  2389 | D:3      | Killed Sigmund
  2389 | D:3      | Reached skill level 8 in Stealth
  2389 | D:3      | Reached XP level 5. HP: 20/34 MP: 4/4
  2508 | D:3      | Reached skill level 9 in Stealth
  2529 | D:3      | Reached XP level 6. HP: 24/39 MP: 5/5
  2717 | D:4      | Noticed Somebody's ghost (experienced MiFi)
  2867 | D:4      | Reached skill level 10 in Stealth
  3610 | D:4      | Reached XP level 7. HP: 40/44 MP: 6/6
  4299 | D:3      | Killed from afar by an orc priest

Action                   |  1- 3 |  4- 6 |  7- 9 || total
-------------------------+-------+-------+-------++-------
Melee: Dagger            |   102 |    58 |    27 ||   187
       Short sword       |       |    43 |    26 ||    69
 Fire: Sling             |    20 |    22 |     4 ||    46
       Blowgun           |       |    14 |     2 ||    16
Throw: Dart              |       |    11 |       ||    11
       Stone             |       |    13 |       ||    13
 Stab: Sleeping          |     8 |     3 |     8 ||    19
       Distracted        |       |     2 |       ||     2
